 Dungeon Crawl Stone Soup version 0.27.0-1-g7a089689b8 (webtiles) character file.

Game seed: 11397554425378612460

60 Malachi the Magician (level 4, 0/57 HPs)
             Began as a Gnoll Wanderer on Aug 13, 2021.
             Slain by an iron imp (6 damage)
             ... summoned by Natasha
             ... on level 2 of the Dungeon.
             The game lasted 00:03:37 (1807 turns).

Malachi the Magician (Gnoll Wanderer)               Turns: 1807, Time: 00:03:37

Health: 0/57       AC: 22    Str: 17    XL:     4   Next: 4%
Magic:  11/11      EV:  2    Int:  9    God:
Gold:   25         SH:  0    Dex:  9    Spells: 12/13 levels left

rFire    . . .     SeeInvis .   l - +0 short sword (vamp)
rCold    . . .     Faith    .   (no shield)
rNeg     + + +     Spirit   .   (armour currently unavailable)
rPois    +         Reflect  .   (helmet currently unavailable)
rElec    .         Harm     .   (cloak currently unavailable)
rCorr    .         Rampage  .   (gloves currently unavailable)
Will     .....     NoTele   +   (boots currently unavailable)
Stlth    +.........             (no amulet)
HPRegen  0.19/turn              (no ring)
MPRegen  0.12/turn              (no ring)

@: brilliant, tree-form, slowed, very slow
A: stationary, stasis, torment immunity, boosted hp, (fangs 1), strong nose,
distributed training
a: no special abilities


You were on level 2 of the Dungeon.
You were a tree.
You visited 1 branch of the dungeon, and saw 2 of its levels.

You collected 25 gold pieces.

Inventory:

Hand Weapons
 a - a +2 shortbow
 c - a +0 hand crossbow
 l - a +0 vampiric short sword (weapon)
Missiles
 b - 15 arrows
 d - 37 bolts
Armour
 e - a +0 robe
 k - a +0 scale mail (melded)
Scrolls
 i - 2 scrolls of amnesia
 m - a scroll of magic mapping
Potions
 f - a potion of flight


   Skills:
 + Level 4.6 Fighting
 + Level 1.0 Short Blades
 + Level 1.0 Long Blades
 + Level 1.0 Axes
 + Level 1.0 Maces & Flails
 + Level 1.0 Polearms
 + Level 1.0 Staves
 + Level 1.0 Slings
 + Level 2.7 Bows
 + Level 1.0 Crossbows
 + Level 1.0 Throwing
 + Level 1.0 Armour
 + Level 1.0 Dodging
 + Level 1.0 Stealth
 + Level 2.7 Shields
 + Level 1.0 Unarmed Combat
 + Level 5.0 Spellcasting
 + Level 3.8 Conjurations
 + Level 0.7 Hexes
 + Level 0.7 Summonings
 + Level 0.7 Necromancy
 + Level 0.7 Translocations
 + Level 0.7 Transmutations
 + Level 0.7 Fire Magic
 + Level 0.7 Ice Magic
 + Level 2.2 Air Magic
 + Level 0.7 Earth Magic
 + Level 0.7 Poison Magic
 + Level 1.1 Invocations
 + Level 2.7 Evocations


You had 12 spell levels left.
You knew the following spells:

 Your Spells              Type           Power      Damage    Failure   Level
a - Sandblast             Erth           10%        2d5       19%         1

Your spell library contained the following spells:

 Spells                   Type           Power      Damage    Failure   Level
 Stone Arrow              Conj/Erth      18%        3d8       28%         3


Dungeon Overview and Level Annotations

Branches:
Dungeon (2/15)

Altars:

Shops:
D:1 *

Annotations:
D:2 Natasha


Innate Abilities, Weirdness & Mutations

You are a tree.
Your roots penetrate the ground, keeping you stationary.
You cannot be teleported.
You are immune to unholy pain and torment.
Your maximum health is greatly increased.
Your equipment is partially melded.
((You have very sharp teeth.))
Your uncanny sense of smell can sniff out nearby items.
Your experience applies equally to all skills.


Message History

Natasha is almost dead.
Natasha claws you.
* * * LOW HITPOINT WARNING * * *
Natasha claws you!
* * * LOW HITPOINT WARNING * * *
Natasha mumbles some strange words.
It was a potion of curing.
You feel better.
Natasha stares at you and mumbles some strange words.
You resist with some effort.
Natasha mumbles some strange words.
It was a potion of lignification.
You turn into a tree.
Your +0 scale mail melds into your body.
Your roots penetrate the ground.
Natasha claws you but does no damage.
The crimson imp hits you but does no damage.
The adder bites you but does no damage. Natasha casts a spell at you.
You resist with some effort.
The crimson imp blinks!
It was a potion of brilliance.
You feel clever all of a sudden.
Natasha mumbles some strange words.
The adder bites you but does no damage. Natasha claws you.
* * * LOW HITPOINT WARNING * * *
The adder completely misses you.
The iron imp hits you but does no damage.
Okay, then.
You miss Natasha.
Natasha is almost dead.
Natasha claws you but does no damage. The adder bites you but does no damage.
Natasha claws you but does no damage.
The iron imp hits you but does no damage.
The adder bites you but does no damage. Natasha completely misses you.
You barely miss Natasha.
Natasha is almost dead.
Natasha barely misses you. The adder bites you but does no damage.
The iron imp hits you.
* * * LOW HITPOINT WARNING * * *
Natasha claws you but does no damage. The adder bites you but does no damage.
The crimson imp hits you but does no damage.
The iron imp hits you.
You die...

***,,,!......#########.*
,,*,,,,.....#.......)..*
,,**,,,,,#..#.#########*
,,,,,,,**#....).....#
,,,,,,.....<#.#####.#
,,,,,,..##.##.../.#.#
,,,,,,,,...###....#.#
,,,,,,,.#......S5...#
***,,,.,#....5.h♣.###
*,,,,,,,......5?.#
*,,,,,,,......####
*,,,,,,,......*
*,,,,,,,#(###**
*,,,,,,,.,* *,,,,,,,,,*
*,,,,,,,,,* ********,,*


You could see an iron imp (summoned), Natasha (fast), 2 crimson imps and an
adder.

Vanquished Creatures
  An adder (D:2)
  A worm (D:2)
  4 dart slugs
  5 ball pythons
  4 endoplasms
  5 hobgoblins (D:1)
  4 jackals
  4 bats (D:1)
  4 frilled lizards
  3 goblins
  3 kobolds
  3 rats
41 creatures vanquished.

Notes
Turn   | Place    | Note
-------+----------+-------------------------------------------
     0 | D:1      | Malachi the Gnoll Wanderer began the quest for the Orb.
     0 | D:1      | Malachi set off with the following items: a +2 shortbow, 25
                  | arrows, a +0 hand crossbow, 25 bolts, a +0 robe; and the
                  | following spell memorised: Sandblast; and the following
                  | spells available to memorise: Stone Arrow
     0 | D:1      | Reached XP level 1. HP: 20/20 MP: 6/6
    42 | D:1      | Found Jores's Assorted Antiques.
   173 | D:1      | Reached XP level 2. HP: 26/26 MP: 7/7
   749 | D:1      | Reached XP level 3. HP: 25/31 MP: 9/9
   763 | D:1      | Reached skill level 5 in Spellcasting
  1540 | D:2      | Reached skill level 1 in Invocations
  1753 | D:2      | Found a faded altar of an unknown god.
  1767 | D:2      | Reached skill level 1 in Short Blades
  1767 | D:2      | Reached skill level 1 in Long Blades
  1767 | D:2      | Reached skill level 1 in Axes
  1767 | D:2      | Reached skill level 1 in Maces & Flails
  1767 | D:2      | Reached skill level 1 in Polearms
  1767 | D:2      | Reached skill level 1 in Staves
  1767 | D:2      | Reached skill level 1 in Slings
  1767 | D:2      | Reached skill level 1 in Crossbows
  1767 | D:2      | Reached skill level 1 in Throwing
  1767 | D:2      | Reached skill level 1 in Armour
  1767 | D:2      | Reached skill level 1 in Dodging
  1767 | D:2      | Reached skill level 1 in Stealth
  1767 | D:2      | Reached skill level 1 in Unarmed Combat
  1773 | D:2      | Reached XP level 4. HP: 37/38 MP: 11/11
  1786 | D:2      | Noticed Natasha
  1802 | D:2      | HP: 1/38 [Natasha (8)]
  1807 | D:2      | Slain by an iron imp

Illustrated notes

Levels and vault maps discovered:
D:1:      roderic_octagonal_star, layout_basic, serial_shops, shop,
          serial_co_window_serial, co_window_paths_b, co_window_paths_a,
          co_window_cross_1, co_window_of_opportunity_a, co_window_paths_a,
          co_window_unsneaky_path_a, co_window_unsneaky_path_b,
          co_window_cross_2, co_window_paths_d, glass_columns_b,
          minmay_box_of_dots
D:2:      layout_basic, ebering_ecumenical_altar_rust, uniq_natasha

Skill      XL: |  1  2  3 |
---------------+----------+-----
Air Magic      | 2 |  2.2
Spellcasting   | 5 |  5.0
Invocations    | 1 |  1.1
Short Blades   | 1 |  1.0
Long Blades    | 1 |  1.0
Axes           | 1 |  1.0
Maces & Flails | 1 |  1.0
Polearms       | 1 |  1.0
Staves         | 1 |  1.0
Slings         | 1 |  1.0
Crossbows      | 1 |  1.0
Throwing       | 1 |  1.0
Armour         | 1 |  1.0
Dodging        | 1 |  1.0
Stealth        | 1 |  1.0
Unarmed Combat | 1 |  1.0
Fighting       | |  4.6
Bows           | |  2.7
Shields        | |  2.7
Conjurations   | |  3.8
Hexes          | |  0.7
Summonings     | |  0.7
Necromancy     | |  0.7
Translocations | |  0.7
Transmutations | |  0.7
Fire Magic     | |  0.7
Ice Magic      | |  0.7
Earth Magic    | |  0.7
Poison Magic   | |  0.7
Evocations     | |  2.7

Action                   |  1- 3 |  4- 6 || total
-------------------------+-------+-------++-------
Melee: Short sword       |    31 |    15 ||    46
       Bite              |     4 |     3 ||     7
 Fire: Shortbow          |    72 |       ||    72
       Hand crossbow     |    37 |       ||    37
  Use: Scroll            |     4 |       ||     4
       Potion            |       |     3 ||     3
Armor: Robe              |    36 |       ||    36
       Scale mail        |    12 |     4 ||    16
       Skin              |       |    14 ||    14
Dodge: Dodged            |    95 |     8 ||   103
